TOP OF THE 1ST |
Portland Evergreens batting - Pitching for Boston Patriots : RHP Darby Marshall
|
Pitching: RHP Darby Marshall
|
|
Batting: SHB Willie McGirt
|
0-0: Ball 1-0: Foul Ball, location: 2F 1-1: Foul Ball, location: 2F 1-2: Strikes out swinging
|
Batting: RHB Tae-cho Han
|
0-0: Ball 1-0: Ball 2-0: Ball 3-0: Base on Balls
|
Batting: LHB Chris Payling
|
0-0: Called Strike 0-1: Ball 1-1: Fielders Choice at 2nd, 1-6 (Groundball, 13)
|
Batting: SHB Billy Dotson
|
0-0: Fly out, F4 (Popup, 4M)
|
Top of the 1st over - 0 runs, 0 hits, 0 errors, 1 left on base; Portland 0 - Boston 0 |
BOTTOM OF THE 1ST |
Boston Patriots batting - Pitching for Portland Evergreens : RHP Jorge Otero
|
Pitching: RHP Jorge Otero
|
|
Batting: SHB Edward Sterrenburg
|
0-0: Called Strike 0-1: Ball 1-1: Swinging Strike 1-2: Strikes out looking
|
Batting: LHB Manuel Carmona
|
0-0: Ball 1-0: Bunt missed! 1-1: Ball 2-1: Fly out, F6 (Popup, 56)
|
Batting: LHB Jorge Alejándrez
|
0-0: SINGLE (Line Drive, 6D)
|
Batting: LHB Adrián Gómez
|
0-0: Ball Jorge Alejándrez is caught stealing 2nd base
|
Bottom of the 1st over - 0 runs, 1 hit, 0 errors, 0 left on base; Portland 0 - Boston 0 |
TOP OF THE 2ND |
Portland Evergreens batting - Pitching for Boston Patriots : RHP Darby Marshall
|
Batting: LHB Shahid Afridi
|
0-0: Ball 1-0: Ball 2-0: Foul Ball, location: 2F 2-1: Foul Ball, location: 2F 2-2: Ball 3-2: Strikes out swinging
|
Batting: RHB Blaze Alexander
|
0-0: Called Strike 0-1: Ball 1-1: Ball 2-1: Ball 3-1: Called Strike 3-2: Foul Ball, location: 2F 3-2: Fly out, F9 (Flyball, 9S)
|
Batting: LHB John Ennis
|
0-0: Foul Ball, location: 2F 0-1: Called Strike 0-2: Ball 1-2: Ground out 5-3 (Groundball, 5)
|
Top of the 2nd over - 0 runs, 0 hits, 0 errors, 0 left on base; Portland 0 - Boston 0 |
BOTTOM OF THE 2ND |
Boston Patriots batting - Pitching for Portland Evergreens : RHP Jorge Otero
|
Batting: LHB Adrián Gómez
|
0-0: Ball 1-0: Foul Ball, location: 2F 1-1: Swinging Strike 1-2: Foul Ball, location: 2F 1-2: Ball 2-2: Ground out 4-3 (Groundball, 4)
|
Batting: RHB Roland Deschain
|
0-0: Foul Ball, location: 2F 0-1: Called Strike 0-2: Ball 1-2: Ball 2-2: Ball 3-2: Base on Balls
|
Batting: LHB Stanley Belote
|
0-0: Foul Ball, location: 2F 0-1: Called Strike 0-2: SINGLE (Line Drive, 8RS) Roland Deschain to second
|
Batting: RHB Francisco Agámez
|
0-0: Called Strike Roland Deschain steals 3rd base 0-1: Fly out, F8 (Flyball, 8LM) Runner from 3rd tags up, SCORES, throw made
|
Batting: RHB Dennis Wacher
|
0-0: Ball 1-0: Ball 2-0: Ball 3-0: Called Strike 3-1: Base on Balls Stanley Belote to second
|
Batting: RHB Anselmo Berneu
|
0-0: Foul Ball, location: 2F 0-1: Foul Ball, location: 2F 0-2: Strikes out swinging
|
Bottom of the 2nd over - 1 run, 1 hit, 0 errors, 2 left on base; Portland 0 - Boston 1 |
TOP OF THE 3RD |
Portland Evergreens batting - Pitching for Boston Patriots : RHP Darby Marshall
|
Batting: RHB Nelson Jaramillo
|
0-0: Ball 1-0: Swinging Strike 1-1: Called Strike 1-2: Ground out 6-3 (Groundball, 6S)
|
Batting: LHB Calvin Wilms
|
0-0: Ball 1-0: Ball 2-0: Foul Ball, location: 2F 2-1: Foul Ball, location: 2F 2-2: Foul Ball, location: 2F 2-2: Ball 3-2: Base on Balls
|
Batting: SHB Willie McGirt
|
0-0: Ball 1-0: Foul Ball, location: 2F 1-1: Called Strike 1-2: Ball 2-2: Ball 3-2: Fielders Choice at 2nd, 4-6 (Groundball, 34)
|
Batting: RHB Tae-cho Han
|
0-0: Called Strike Passed Ball! Willie McGirt to second 0-1: Called Strike 0-2: SINGLE (Line Drive, 56D) Willie McGirt to third Runner from 3rd tries for Home, SAFE, no throw
|
Batting: LHB Chris Payling
|
0-0: Called Strike 0-1: Ball 1-1: Ball 2-1: Ball 3-1: Called Strike 3-2: Strikes out swinging
|
Top of the 3rd over - 1 run, 1 hit, 0 errors, 1 left on base; Portland 1 - Boston 1 |
BOTTOM OF THE 3RD |
Boston Patriots batting - Pitching for Portland Evergreens : RHP Jorge Otero
|
Batting: SHB Edward Sterrenburg
|
0-0: Ball 1-0: Ball 2-0: Called Strike 2-1: SINGLE (Groundball, 56D)
|
Batting: LHB Manuel Carmona
|
0-0: Ball 1-0: Ball 2-0: SINGLE (Line Drive, 9S) Edward Sterrenburg to second Runner from 2nd tries for 3rd, SAFE, no throw
|
Batting: LHB Jorge Alejándrez
|
0-0: Called Strike 0-1: Ball 1-1: Foul Ball, location: 2F 1-2: SINGLE (Groundball, 4D) Edward Sterrenburg scores Manuel Carmona to second Runner from 2nd tries for 3rd, SAFE, no throw
|
Batting: LHB Adrián Gómez
|
0-0: Ball 1-0: Called Strike 1-1: Ball 2-1: SINGLE (Groundball, 56D) Manuel Carmona scores Jorge Alejándrez to second
|
Batting: RHB Roland Deschain
|
0-0: Ball 1-0: Fielders Choice at 2nd, 6-4 (Groundball, 6) Jorge Alejándrez to third
|
Batting: LHB Stanley Belote
|
0-0: Ball Roland Deschain is caught stealing 2nd base 1-0: Called Strike 1-1: Ball 2-1: Ground out U3 (Groundball, 3)
|
Bottom of the 3rd over - 2 runs, 4 hits, 0 errors, 1 left on base; Portland 1 - Boston 3 |
TOP OF THE 4TH |
Portland Evergreens batting - Pitching for Boston Patriots : RHP Darby Marshall
|
Batting: SHB Billy Dotson
|
0-0: Called Strike 0-1: Foul Ball, location: 2F 0-2: Strikes out looking
|
Batting: LHB Shahid Afridi
|
0-0: Ball 1-0: Foul Ball, location: 2F 1-1: Ball 2-1: Ball 3-1: Base on Balls
|
Batting: RHB Blaze Alexander
|
0-0: Swinging Strike 0-1: Called Strike 0-2: Ball 1-2: Ball Pickoff Throw by Catcher to First - Out! 2-2: Fly out, F8 (Flyball, 78M)
|
Top of the 4th over - 0 runs, 0 hits, 0 errors, 0 left on base; Portland 1 - Boston 3 |
BOTTOM OF THE 4TH |
Boston Patriots batting - Pitching for Portland Evergreens : RHP Jorge Otero
|
Batting: RHB Francisco Agámez
|
0-0: Called Strike 0-1: Ball 1-1: Fly out, F2 (Popup, 23F)
|
Batting: RHB Dennis Wacher
|
0-0: Ball 1-0: Swinging Strike 1-1: Ball 2-1: Foul Ball, location: 2F 2-2: Ball 3-2: Strikes out swinging
|
Batting: RHB Anselmo Berneu
|
0-0: Ball 1-0: Ball 2-0: Foul Ball, location: 2F 2-1: Foul Ball, location: 2F 2-2: Strikes out swinging
|
Bottom of the 4th over - 0 runs, 0 hits, 0 errors, 0 left on base; Portland 1 - Boston 3 |
TOP OF THE 5TH |
Portland Evergreens batting - Pitching for Boston Patriots : RHP Darby Marshall
|
Batting: LHB John Ennis
|
0-0: Fly out, F7 (Flyball, 7)
|
Batting: RHB Nelson Jaramillo
|
0-0: Ball 1-0: Ground out 5-3 (Groundball, 56)
|
Batting: LHB Calvin Wilms
|
0-0: Ball 1-0: Ball 2-0: Ground out 4-3 (Groundball, 4)
|
Top of the 5th over - 0 runs, 0 hits, 0 errors, 0 left on base; Portland 1 - Boston 3 |
BOTTOM OF THE 5TH |
Boston Patriots batting - Pitching for Portland Evergreens : RHP Jorge Otero
|
Batting: SHB Edward Sterrenburg
|
0-0: Ball 1-0: Called Strike 1-1: Ball 2-1: Called Strike 2-2: Reached on error, E5 (Groundball, 56)
|
Batting: LHB Manuel Carmona
|
0-0: Ball 1-0: Called Strike 1-1: Ball 2-1: Swinging Strike 2-2: Hit by Pitch Edward Sterrenburg to second
|
Batting: LHB Jorge Alejándrez
|
0-0: Foul Ball, location: 2F 0-1: Fielders Choice at 2nd, 6-4 (Groundball, 6) Edward Sterrenburg to third
|
Batting: LHB Adrián Gómez
|
0-0: Ball 1-0: Called Strike 1-1: DOUBLE (Groundball, 3L) Edward Sterrenburg scores Jorge Alejándrez to third Runner from 3rd tries for Home, SAFE, no throw
|
Batting: RHB Roland Deschain
|
0-0: Called Strike 0-1: Ball 1-1: Ball 2-1: SINGLE (Line Drive, 7S) Adrián Gómez to third
|
Batting: LHB Stanley Belote
|
0-0: Swinging Strike 0-1: Ball 1-1: Called Strike Roland Deschain steals 2nd base 1-2: Foul Ball, location: 2F 1-2: Ball 2-2: Foul Ball, location: 2F 2-2: Fly out, F4 (Popup, 4D)
|
Pitching: RHP Cristián Moreno
|
|
Batting: RHB Francisco Agámez
|
0-0: SINGLE (Groundball, 56D) Adrián Gómez scores Roland Deschain to third Runner from 3rd tries for Home, SAFE, throw made home Francisco Agámez to second
|
Batting: RHB Dennis Wacher
|
0-0: SINGLE (Groundball, 4MS) (infield hit) Francisco Agámez to third
|
Batting: RHB Anselmo Berneu
|
0-0: Swinging Strike 0-1: Ball 1-1: Ball 2-1: Fly out, F9 (Flyball, 89D)
|
Bottom of the 5th over - 4 runs, 4 hits, 1 error, 2 left on base; Portland 1 - Boston 7 |
TOP OF THE 6TH |
Portland Evergreens batting - Pitching for Boston Patriots : RHP Darby Marshall
|
Batting: SHB Willie McGirt
|
0-0: Ball 1-0: Foul Ball, location: 2F 1-1: Ball 2-1: Foul Ball, location: 2F 2-2: Ball 3-2: Foul Ball, location: 2F 3-2: TRIPLE (Flyball, 8RXD)
|
Batting: RHB Tae-cho Han
|
0-0: Ball 1-0: SINGLE (Groundball, 6MD) Willie McGirt scores
|
Batting: LHB Chris Payling
|
0-0: Grounds into double play, 5-4-3 (Groundball, 56)
|
Batting: SHB Billy Dotson
|
0-0: Called Strike 0-1: Ball 1-1: Ground out 4-3 (Groundball, 34)
|
Top of the 6th over - 1 run, 2 hits, 0 errors, 0 left on base; Portland 2 - Boston 7 |
BOTTOM OF THE 6TH |
Boston Patriots batting - Pitching for Portland Evergreens : RHP Cristián Moreno
|
Batting: SHB Edward Sterrenburg
|
0-0: Called Strike 0-1: Ground out 6-3 (Groundball, 6S)
|
Batting: LHB Manuel Carmona
|
0-0: Foul Ball, location: 2F 0-1: Ball 1-1: Ball 2-1: Foul Ball, location: 2F 2-2: Ball 3-2: Base on Balls
|
Batting: LHB Jorge Alejándrez
|
0-0: Ball 1-0: Ball 2-0: Ground out U3 (Groundball, 3S) Manuel Carmona to second
|
Batting: LHB Adrián Gómez
|
0-0: Swinging Strike 0-1: Fly out, F4 (Flyball, 4D)
|
Bottom of the 6th over - 0 runs, 0 hits, 0 errors, 1 left on base; Portland 2 - Boston 7 |
TOP OF THE 7TH |
Portland Evergreens batting - Pitching for Boston Patriots : RHP Darby Marshall
|
Batting: LHB Shahid Afridi
|
0-0: Fly out, F4 (Line Drive, 34)
|
Batting: RHB Blaze Alexander
|
0-0: Ball 1-0: Ground out 6-3 (Groundball, 56D)
|
Batting: LHB John Ennis
|
0-0: Ball 1-0: Ball 2-0: Called Strike 2-1: Ball 3-1: Called Strike 3-2: Foul Ball, location: 2F 3-2: Base on Balls
|
Pitching: LHP Bradley Roth
|
|
Batting: RHB Nelson Jaramillo
|
0-0: Swinging Strike 0-1: Ball 1-1: Fly out, F8 (Flyball, 8RS)
|
Top of the 7th over - 0 runs, 0 hits, 0 errors, 1 left on base; Portland 2 - Boston 7 |
BOTTOM OF THE 7TH |
Boston Patriots batting - Pitching for Portland Evergreens : RHP Cristián Moreno
|
Batting: RHB Roland Deschain
|
0-0: Ground out 1-3 (Groundball, 13)
|
Batting: LHB Stanley Belote
|
0-0: Ball 1-0: Ball 2-0: Called Strike 2-1: Foul Ball, location: 2F 2-2: Fly out, F7 (Flyball, 7)
|
Batting: RHB Francisco Agámez
|
0-0: Ball 1-0: SOLO HOME RUN (Flyball, 78XD), Distance : 437 ft
|
Batting: RHB Dennis Wacher
|
0-0: Called Strike 0-1: Fly out, F7 (Flyball, 7D)
|
Bottom of the 7th over - 1 run, 1 hit, 0 errors, 0 left on base; Portland 2 - Boston 8 |
TOP OF THE 8TH |
Portland Evergreens batting - Pitching for Boston Patriots : LHP Bradley Roth
|
Batting: LHB Calvin Wilms
|
0-0: Reached on error, E3 (Groundball, 3)
|
Batting: SHB Willie McGirt
|
0-0: Ball 1-0: Called Strike 1-1: 2-RUN HOME RUN (Flyball, 78XD), Distance : 415 ft
|
Pitching: RHP Armando Garay
|
|
Batting: RHB Tae-cho Han
|
0-0: Ball 1-0: Ball 2-0: Ball 3-0: Called Strike 3-1: Base on Balls
|
Batting: LHB Chris Payling
|
0-0: Ball 1-0: Fielders Choice at 2nd, 1-6 (Groundball, 13)
|
Batting: SHB Billy Dotson
|
0-0: Ball 1-0: Ball 2-0: Foul Ball, location: 2F 2-1: Foul Ball, location: 2F 2-2: Grounds into double play, 6-4-3 (Groundball, 6)
|
Top of the 8th over - 2 runs, 1 hit, 1 error, 0 left on base; Portland 4 - Boston 8 |
BOTTOM OF THE 8TH |
Boston Patriots batting - Pitching for Portland Evergreens : RHP Cristián Moreno
|
Batting: RHB Anselmo Berneu
|
0-0: Called Strike 0-1: Foul Ball, location: 2F 0-2: Ball 1-2: Strikes out looking
|
Batting: SHB Edward Sterrenburg
|
0-0: Called Strike 0-1: Ball 1-1: Foul Ball, location: 2F 1-2: DOUBLE (Line Drive, 89XD)
|
Batting: LHB Manuel Carmona
|
0-0: Called Strike Edward Sterrenburg steals 3rd base 0-1: Ball 1-1: Foul Ball, location: 2F 1-2: DOUBLE (Line Drive, 7LD) Edward Sterrenburg scores
|
Pitching: RHP Mark Zaugg
|
|
Batting: LHB Jorge Alejándrez
|
0-0: Ground out U3 (Groundball, 3) Manuel Carmona to third
|
Batting: LHB Adrián Gómez
|
0-0: Ball 1-0: Foul Ball, location: 2F 1-1: Ball 2-1: Ball 3-1: Swinging Strike 3-2: Strikes out swinging
|
Bottom of the 8th over - 1 run, 2 hits, 0 errors, 1 left on base; Portland 4 - Boston 9 |
TOP OF THE 9TH |
Portland Evergreens batting - Pitching for Boston Patriots : RHP Armando Garay
|
Batting: LHB Shahid Afridi
|
0-0: Called Strike 0-1: Ball 1-1: Ball 2-1: Foul Ball, location: 2F 2-2: Strikes out swinging
|
Batting: RHB Blaze Alexander
|
0-0: Swinging Strike 0-1: Ball 1-1: Ball 2-1: Foul Ball, location: 2F 2-2: Strikes out swinging
|
Batting: LHB John Ennis
|
0-0: Foul Ball, location: 2F 0-1: Foul Ball, location: 2F 0-2: Ball 1-2: Ground out 3-1 (Groundball, 34S)
|
Top of the 9th over - 0 runs, 0 hits, 0 errors, 0 left on base; Portland 4 - Boston 9 |
|